 Dungeon Crawl Stone Soup version 0.29.0-4-gdea44cf6ec (webtiles) character file.

Game seed: 1257321218616822103

141 qw the Chopper (level 5, 0/30 HPs)
             Began as a Tengu Warper on Aug 28, 2022.
             Slain by an orc priest
             ... wielding a +0 club
              (1 damage)
             ... on level 3 of the Dungeon.
             The game lasted 00:00:12 (1851 turns).

qw the Chopper (Tengu Warper)                       Turns: 1851, Time: 00:00:13

Health: 0/30       AC:  9    Str: 13    XL:     5   Next: 24%
Magic:  9/9        EV:  7    Int: 13    God:
Gold:   67         SH:  0    Dex: 20    Spells: 8/8 levels left

rFire   . . .      SeeInvis .   Y - +1 hand axe (protect)
rCold   . . .      Faith    .   (no shield)
rNeg    . . .      Spirit   .   f - +0 chain mail
rPois   .          Reflect  .   (helmet restricted)
rElec   .          Harm     .   m - +0 cloak
rCorr   .          Rampage  .   (no gloves)
Will    .....                   (boots unavailable)
Stlth   ..........              (no amulet)
HPRegen 0.10/turn               e - +6 ring of dexterity
MPRegen 0.11/turn               (no ring)

@: confused, lethally poisoned (0 -> -12), flying quickly and evasively, quick
A: beak, talons 3, nimble flight
a: no special abilities


You were on level 3 of the Dungeon.
You visited 1 branch of the dungeon, and saw 3 of its levels.

You collected 67 gold pieces.


Innate Abilities, Weirdness & Mutations

You have a beak for a mouth.
You have claws for feet.
Your magical nature lets you fly swiftly and evasively.


   Skills:
 - Level 2.0 Fighting
 - Level 5.7 Axes
 - Level 1.0 Throwing
 + Level 1.2 Armour
 - Level 2.1 Dodging
 - Level 2.0 Spellcasting
 - Level 2.4 Translocations


You had 8 spell levels left.
You didn't know any spells.
Your spell library contained the following spells:

 Spells                   Type           Power      Damage    Failure   Level
 Blink                    Tloc           14%        N/A       99%         2
 Gell's Gravitas          Tloc           7%         N/A       100%        3
 Lesser Beckoning         Tloc           7%         N/A       100%        3
 Teleport Other           Tloc           7%         N/A       100%        3
 Manifold Assault         Tloc           7%         N/A       100%        5

Inventory:

Hand Weapons
 b - a +0 whip of draining
 Y - a +1 hand axe of protection (weapon)
Armour
 f - a +0 chain mail (worn)
 m - a +0 cloak (worn)
Jewellery
 e - a +6 ring of dexterity (left hand)
Scrolls
 a - a scroll of teleportation
 c - a scroll of identify
Potions
 d - a potion of attraction {unknown}
 h - a potion of mutation {unknown}
 j - a potion of curing {unknown}
 l - a potion of heal wounds {unknown}
 n - a potion of degeneration {unknown}

Dungeon Overview and Level Annotations

Branches:
Dungeon (3/15)

Altars:
Dithmenos


Message History

You hit something but do no damage.
You feel sick. Something hits you but does no damage.
You hit the orc priest. You claw the orc priest.
Your peck misses the orc priest.
The orc priest is moderately wounded.
You hit something.
You feel sick.
The orc priest begins to cast a cantrip, but forgets the words!
You hear some strange, mumbled words.
You are confused.
You hit the orc priest. Your kick misses the orc priest.
The orc priest is severely wounded.
You completely miss something.
You feel sick. Something hits you.
You are more poisoned.
The orc priest closely misses you.
You bump into the rock wall.
You feel very sick.
The orc priest hits you but does no damage.
Something hits you but does no damage.
You miss the orc priest. Your kick misses the orc priest.
The orc priest is severely wounded.
You miss something.
You feel sick.
The orc priest hits you but does no damage.
Something hits you but does no damage.
You are lethally poisoned!
You closely miss the orc priest.
You claw the orc priest, but do no damage.
The orc priest is severely wounded.
You closely miss something.
You feel very sick.
You hear some strange, mumbled words.
You are more confused.
The orc priest mumbles some strange prayers to Beogh against you.
Pain shoots through your body!
You miss something. You barely miss the orc priest.
You feel very sick. The orc priest hits you with a +0 club.
You die... #......... #.PPPPPPP.

#...####...###.........
#...# ......Y.###.#...#
#.#####.##.##...##.#
.#..##
#..........##)..##.# .#
## #######.#####.......
. #.# #..# ### #
#.#####{.# #.....@oo#
########K# .# .# o# .#
o# ..


You could see an orc priest, an orc and a kobold.

Vanquished Creatures
  An ice beast (D:3)
  An adder (D:2)
  A worm (D:2)
  An orc (D:3)
  3 endoplasms
  A giant cockroach (D:1)
  3 goblins
  7 hobgoblins
  2 jackals (D:1)
  A quokka (D:2)
  4 ball pythons
  4 bats
  A frilled lizard (D:1)
  6 kobolds
  4 rats
40 creatures vanquished.

Vanquished Creatures (others)
  4 fungi (D:3)
4 creatures vanquished.

Grand Total: 44 creatures vanquished

Notes
Turn   | Place    | Note
-------+----------+-------------------------------------------
     0 | D:1      | qw the Tengu Warper began the quest for the Orb.
     0 | D:1      | Reached XP level 1. HP: 12/12 MP: 4/4
     0 | D:1      | 0 ||| qw: Version: 0.1-a-89-g26bdef1
     0 | D:1      | 0 ||| qw: Game counter: 26
     0 | D:1      | 0 ||| qw: Always use a shield: true
     0 | D:1      | 0 ||| qw: God list: Okawaru
     0 | D:1      | 0 ||| qw: Allow faded altars: false
     0 | D:1      | 0 ||| qw: Do Orc after D:15 true
     0 | D:1      | 0 ||| qw: Do second Lair branch before Depths: true
     0 | D:1      | 0 ||| qw: Lair rune preference: random
     0 | D:1      | 0 ||| qw: Plans: Normal
     0 | D:1      | 0 ||| PLANNING D:1-11
   165 | D:1      | Reached XP level 2. HP: 17/17 MP: 6/6
   181 | D:1      | Reached skill level 3 in Axes
   477 | D:1      | 477 ||| Stepping ~*~*~tactically~*~*~ (stealth).
   688 | D:1      | 688 ||| UPGRADING to +0 ring mail.
   698 | D:1      | 698 ||| DROPPING +0 leather armour.
   699 | D:1      | 699 ||| UPGRADING to +0 cloak.
   704 | D:1      | 704 ||| UPGRADING to +6 ring of dexterity.
   705 | D:1      | 705 ||| READING 3 scrolls labelled MELAUN PEZOASHUA.
   708 | D:1      | 708 ||| READING scroll labelled OCUUTE WURE.
   709 | D:1      | 709 ||| READING scroll labelled OSSICE VIUSM.
   710 | D:1      | 710 ||| READING 3 scrolls labelled PAOLAQ NODAZEOJAFF.
   711 | D:1      | 711 ||| DROPPING scroll of blinking.
   712 | D:1      | 712 ||| DROPPING 2 scrolls of vulnerability.
   774 | D:2      | Reached XP level 3. HP: 21/21 MP: 7/7
   890 | D:2      | Reached skill level 4 in Axes
  1403 | D:2      | 1403 ||| UPGRADING to +0 chain mail.
  1413 | D:2      | 1413 ||| DROPPING +0 ring mail.
  1414 | D:2      | 1414 ||| READING scroll labelled OFRUXASIOPT.
  1415 | D:2      | 1415 ||| DRINKING 2 silvery potions.
  1416 | D:2      | 1416 ||| DRINKING 2 golden potions.
  1417 | D:2      | 1417 ||| DROPPING potion of flight.
  1418 | D:2      | 1418 ||| DROPPING potion of brilliance.
  1452 | D:3      | Found a shadowy altar of Dithmenos.
  1494 | D:3      | 1494 ||| DROPPING +0 mace.
  1498 | D:3      | Noticed an ice beast
  1505 | D:3      | HP: 1/19 [ice beast (14)]
  1506 | D:3      | 1506 ||| READING 2 scrolls of teleportation.
  1575 | D:3      | 1575 ||| Stepping ~*~*~tactically~*~*~ (stealth).
  1578 | D:3      | Killed an ice beast
  1579 | D:3      | Reached skill level 5 in Axes
  1579 | D:3      | Reached XP level 4. HP: 7/26 MP: 8/8
  1579 | D:3      | Gained mutation: Your magical nature lets you fly swiftly
                  | and evasively. [Tengu growth]
  1579 | D:3      | Reached XP level 5. HP: 8/30 MP: 9/9
  1838 | D:3      | 1838 ||| Stepping ~*~*~tactically~*~*~ (hiding).
  1850 | D:3      | HP: 7/30 [poisoned by an orc wizard]
  1851 | D:3      | HP: 1/30 [poisoned by an orc wizard]
  1851 | D:3      | Slain by an orc priest

Levels and vault maps discovered:
D:1:      dpeg_arrival_more_subterranean_lakeside_camping, layout_basic
D:2:      layout_rooms
D:3:      layout_loops_corners, mainiacjoe_overflow_cross_hatched,
          ebering_ecumenical_altar_rust, minmay_quantized

Skill      XL: |  1  2  3 |
---------------+----------+-----
Axes           | 3 5 |  5.7
Fighting       | |  2.0
Throwing       | |  1.0
Armour         | |  1.2
Dodging        | |  2.1
Spellcasting   | |  2.0
Translocations | |  2.4

Action                   |  1- 3 |  4- 6 || total
-------------------------+-------+-------++-------
Melee: Hand axe          |    79 |    13 ||    92
       Kick              |    25 |     3 ||    28
       Peck              |    14 |     2 ||    16
Throw: Boomerang         |     7 |       ||     7
  Use: Scroll            |     6 |       ||     6
       Potion            |     2 |       ||     2
Armor: Leather armour    |     5 |       ||     5
       Ring mail         |    17 |       ||    17
       Chain mail        |     6 |     8 ||    14
Dodge: Dodged            |    39 |     1 ||    40

Table legend:
 A = Non-vault XP
 B = Vault XP
 C = Vault XP percentage of total XP
 D = Non-vault monster count
 E = Vault monster count
 F = Vault count percentage of total count
                 A         B        C        D         E       F
            +---------+---------+-------+---------+---------+-------
      Total |     202 |       0 |   0.0 |      40 |       0 |   0.0
            +---------+---------+-------+---------+---------+-------
        D:1 |      31 |       0 |   0.0 |      20 |       0 |   0.0
        D:2 |      40 |       0 |   0.0 |      15 |       0 |   0.0
        D:3 |     131 |       0 |   0.0 |       5 |       0 |   0.0
            +---------+---------+-------+---------+---------+-------
